 Dungeon Crawl Stone Soup version 0.26-a0-682-g294304f6e8 (webtiles) character file.

Game seed: 6686974771056344072

11045 Decritt the Cleaver (level 11, -5/100 HPs)
             Began as a Deep Dwarf Fighter on Oct 21, 2020.
             Was a Believer of Makhleb.
             Slain by an orc warrior
             ... wielding a +0 long sword
              (10 damage)
             ... on level 10 of the Dungeon.
             The game lasted 00:32:08 (6875 turns).

Decritt the Cleaver (Deep Dwarf Fighter)            Turns: 6875, Time: 00:32:09

Health: -5/100     AC: 21    Str: 23    XL:     11   Next: 44%
Magic:  0/0        EV: 10    Int: 12    God:    Makhleb [**....]
Gold:   475        SH: 13    Dex: 12    Spells: 10/10 levels left

rFire    + . .     SeeInvis .   Q - +4 falchion "Jiocosec" {antimagic, Int+3 Stlth+}
rCold    . . .     Faith    .   c - +1 kite shield
rNeg     . . .     Spirit   .   I - +0 plate armour
rPois    .         Reflect  .   B - +0 helmet
rElec    .         Harm     .   L - +0 cloak
rCorr    .         Rampage  .   (no gloves)
MR       +....                  g - +2 pair of boots
Stlth    ..........             (no amulet)
HPRegen  0.00/turn              e - +4 ring of evasion
MPRegen  0.07/turn              o - ring of protection from fire

@: non-regenerating
A: damage resistance, heal wounds, sense surroundings 2, no regeneration
a: Heal Wounds, Minor Destruction, Renounce Religion


You were on level 10 of the Dungeon.
You worshipped Makhleb.
Makhleb was pleased with you.
You visited 2 branches of the dungeon, and saw 11 of its levels.

You collected 475 gold pieces.

Inventory:

Hand Weapons
 D - a +1 hand axe of electrocution
 H - the +10 trident of Sandy Cruel Justice {vorpal, *Noise +Blink Int+4}
   (You found it on level 8 of the Dungeon)

   It inflicts extra damage upon your enemies.
   It affects your intelligence (+4).
   It lets you blink.
   It may make noises in combat.
 Q - the +4 falchion "Jiocosec" (weapon) {antimagic, Int+3 Stlth+}
   (You found it on level 10 of the Dungeon)

   It reduces the magical energy of the wielder, and disrupts the spells and
   magical abilities of those hit.
   Natural abilities and divine invocations are not affected.
   It affects your intelligence (+3).
   It makes you more stealthy.
Missiles
 J - 8 boomerangs (quivered)
 O - 7 javelins
Armour
 c - a +1 kite shield (worn)
 g - a +2 pair of boots (worn)
 B - a +0 helmet (worn)
 I - a +0 plate armour (worn)
 L - a +0 cloak (worn)
Jewellery
 e - a +4 ring of evasion (left hand)
 o - a ring of protection from fire (right hand)
 z - an uncursed ring of flight
 N - an uncursed amulet of regeneration {unknown}
Wands
 a - a wand of flame (21)
 k - a wand of iceblast (14)
 C - a wand of acid (8)
 K - a wand of polymorph (4)
Scrolls
 b - 3 scrolls of fog {unknown}
 j - 4 scrolls of enchant weapon {unknown}
 m - 3 scrolls of enchant armour
 p - a scroll of blinking {unknown}
 q - 8 scrolls of teleportation
 r - a scroll of identify
 s - 2 scrolls of amnesia {unknown}
 t - 2 scrolls of magic mapping {unknown}
 w - a scroll of immolation
 x - a scroll of torment {unknown}
 y - a scroll of noise {unknown}
 F - a scroll of silence {unknown}
 M - a scroll of random uselessness {unknown}
 P - a scroll of remove curse
Potions
 d - 2 potions of might
 f - 3 potions of flight
 h - a potion of berserk rage {unknown}
 i - 4 potions of ambrosia
 l - 2 potions of invisibility
 n - 3 potions of brilliance
 u - a potion of curing {unknown}
 v - a potion of cancellation
 A - 3 potions of mutation
 E - a potion of haste
 G - a potion of lignification


   Skills:
 + Level 7.1 Fighting
 * Level 11.9 Axes
 * Level 11.3 Armour
 + Level 9.3 Shields


You had 10 spell levels left.
You didn't know any spells.
Your spell library contained the following spells:

 Spells                   Type           Power        Failure   Level
 Corona                   Hex            #......      100%        1
 Ensorcelled Hibernation  Hex/Ice        #.....       100%        2
 Confusing Touch          Hex            #.......     100%        3
 Dazzling Flash           Conj/Hex       #.....       100%        3
 Tukima's Dance           Hex            #.......     100%        3
 Bolt of Magma            Conj/Fire/Erth #.........   100%        5
 Iskenderun's Battlesphe  Conj           #.......     100%        5
 Iron Shot                Conj/Erth      #.........   100%        6
 Orb of Destruction       Conj           #.........   100%        7
 Spellforged Servitor     Conj/Summ      #.........   100%        7


Dungeon Overview and Level Annotations

Branches:
Dungeon (10/15)            Temple (1/1) D:4            Lair (0/6) D:10
    Orc: D:9-12

Altars:
Ashenzari
Cheibriados
Dithmenos
Elyvilon
Fedhas
Gozag
Hepliaklqana
Kikubaaqudgha
Makhleb
Nemelex Xobeh
Okawaru
Qazlal
Ru
Sif Muna
Trog
Uskayaw
Vehumet
Wu Jian
Xom
Yredelemnul
Zin
The Shining One

Shops:
D:4 (

Annotations:
D:4 2 runed translucent doors, lilly's ghost, amateur MiMo
D:9 1 runed translucent door, exclusion: 2 oklob plants, PentaManta's ghost, novice MiBe


Innate Abilities, Weirdness & Mutations

You are resistant to damage.
You can heal yourself by infusing magical energy.
You passively map the area around you.
You do not regenerate.


Message History

Things that are here:
a +0 glaive; a +0 plate armour
Okay, then.
Okay, then.
Key pressed, stopping explore.
Things that are here:
a +0 glaive; a +0 plate armour An orc warrior comes into view.
It is wielding a +0 long sword.
The orc warrior shouts!
You don't have enough innate magic capacity.
You are too injured to fight recklessly!
You are too injured to fight recklessly!
You are too injured to fight recklessly!
You are too injured to fight recklessly!
You are too injured to fight recklessly!
The orc warrior hits you but does no damage.
You closely miss the orc warrior. You block the orc warrior's attack.
You hit the orc warrior but do no damage.
The orc warrior hits you with a +0 long sword!
You die...

* , * , ... , ,... * + * **
#.# * * *## , , * #.# * , ,
#.# * ,, #.# *+##** #.#
*###...######.##############
8,,
....8.)...)o...............
,
###...####@#)#########.####
** ##. #.#.# ###.# , #. *
#.#.# ####...## * # * #.#.#
#....#..## *##.######.#.#
#.##.....## ,,
,.......)..#)# #.......... *
**########..#.# ##........P.
, #))#.# #.P......P.. * * **
* #..#.###...........


You could see an orc warrior.

Vanquished Creatures
  3 two-headed ogres
  Urug (D:10)
  Maurice (D:9)
  A troll (D:10)
  13 yaks
  Eustachio (D:5)
  3 wyverns (D:10)
  A basilisk (D:10)
  4 water moccasins (D:10)
  2 ice beasts
  3 black bears
  5 orc warriors
  4 sky beasts
  2 ogres
  A centaur (D:4)
  3 wolves (D:10)
  3 big kobolds
  3 bullfrogs
  Blork the orc (D:5)
  3 scorpions
  8 killer bees
  3 vampire bats (D:3)
  13 wights
  2 howler monkeys
  A bullfrog zombie (D:8)
  8 orc priests
  5 orc wizards
  2 bullfrog skeletons
  6 hounds
  3 centaur skeletons
  4 worker ants
  2 iguanas
  An ogre zombie (D:10)
  2 hound skeletons
  2 worker ant zombies (D:6)
  15 gnolls
  10 adders
  3 shadow imps
  A white imp (D:5)
  3 ufetubi
  An ooze (D:3)
  3 adder skeletons
  4 worms (D:3)
  3 dart slugs
  9 leopard geckos
  54 orcs
  2 bats
  2 bat skeletons (D:3)
  3 bat zombies (D:3)
  4 giant cockroaches
  8 goblins
  9 hobgoblins
  5 jackals
  19 kobolds
  2 quokkas
  2 ball pythons
  7 frilled lizards
  A jackal skeleton (D:6)
  A leopard gecko skeleton (D:4)
  A quokka skeleton (D:4)
  A quokka zombie (D:5)
  6 rats
299 creatures vanquished.

Vanquished Creatures (others)
  5 fungi (D:10)
  21 plants
26 creatures vanquished.

Grand Total: 325 creatures vanquished

Notes
Turn   | Place    | Note
-------+----------+-------------------------------------------
     0 | D:1      | Decritt the Deep Dwarf Fighter began the quest for the Orb.
     0 | D:1      | Reached XP level 1. HP: 20/20 MP: 1/1
    52 | D:1      | Reached XP level 2. HP: 22/27 MP: 2/2
   291 | D:1      | Reached XP level 3. HP: 34/34 MP: 3/3
   462 | D:2      | Reached XP level 4. HP: 28/42 MP: 3/3
   980 | D:3      | Found a blossoming altar of Fedhas.
   991 | D:3      | Reached XP level 5. HP: 48/50 MP: 4/4
  1117 | D:3      | Reached skill level 5 in Axes
  1286 | D:3      | Reached XP level 6. HP: 57/57 MP: 5/5
  1289 | D:3      | Found an ancient bone altar of Kikubaaqudgha.
  1682 | D:4      | Found Cenu's Antique Weapon Shoppe.
  1684 | D:4      | Found a runed translucent door.
  1688 | D:4      | Noticed lilly's ghost (amateur MiMo)
  1811 | D:4      | Found a runed translucent door.
  1955 | D:4      | Reached skill level 5 in Armour
  2039 | D:4      | Reached XP level 7. HP: 60/64 MP: 6/6
  2051 | D:4      | Noticed a yak
  2176 | D:4      | Found a staircase to the Ecumenical Temple.
  2184 | Temple   | Entered the Ecumenical Temple
  2382 | D:4      | Reached skill level 5 in Shields
  2470 | D:5      | Entered Level 5 of the Dungeon
  2470 | D:5      | Noticed Eustachio
  2490 | D:5      | Killed Eustachio
  2661 | D:5      | Reached XP level 8. HP: 55/72 MP: 5/5
  2917 | D:5      | Noticed Blork the orc
  2924 | D:5      | Killed Blork the orc
  3153 | D:5      | Found a stormy altar of Qazlal.
  3733 | D:6      | Gained mutation: You passively map the area around you.
                  | [Deep Dwarf growth]
  3733 | D:6      | Reached XP level 9. HP: 74/78 MP: 6/6
  4538 | D:8      | Reached skill level 5 in Fighting
  4584 | D:8      | Got a slimy trident
  4584 | D:8      | Identified the +10 trident of Sandy Cruel Justice {vorpal,
                  | *Noise +Blink Int+4} (You found it on level 8 of the
                  | Dungeon)
  4932 | D:8      | Found a broken altar of Ashenzari.
  4933 | D:8      | Found a sparkling altar of Nemelex Xobeh.
  4936 | D:8      | Found a hide-covered altar of Uskayaw.
  4937 | D:8      | Found a snail-covered altar of Cheibriados.
  4943 | D:8      | Found a radiant altar of Vehumet.
  4943 | D:8      | Found a glowing golden altar of the Shining One.
  4943 | D:8      | Found an iron altar of Okawaru.
  4945 | D:8      | Found a burning altar of Makhleb.
  4947 | D:8      | Found a bloodstained altar of Trog.
  4948 | D:8      | Found a white marble altar of Elyvilon.
  4951 | D:8      | Became a worshipper of Makhleb the Destroyer
  5125 | D:8      | Noticed a two-headed ogre
  5134 | D:8      | Killed a two-headed ogre
  5134 | D:8      | Reached skill level 10 in Axes
  5134 | D:8      | Reached XP level 10. HP: 70/91 MP: 4/4
  5135 | D:8      | Found a blossoming altar of Fedhas.
  5355 | D:9      | Noticed a two-headed ogre
  5360 | D:9      | Killed a two-headed ogre
  5489 | D:9      | Reached skill level 10 in Armour
  5554 | D:9      | Found a runed translucent door.
  5556 | D:9      | Noticed Maurice
  5575 | D:9      | Killed Maurice
  5612 | D:9      | Noticed PentaManta's ghost (novice MiBe)
  5746 | D:9      | Found a blossoming altar of Fedhas.
  5749 | D:9      | Noticed an oklob plant
  5749 | D:9      | Noticed an oklob plant
  5921 | D:10     | Entered Level 10 of the Dungeon
  5921 | D:10     | Found a staircase to the Lair.
  5921 | D:10     | Noticed Urug
  5996 | D:10     | Killed Urug
  5996 | D:10     | Reached * piety under Makhleb
  5996 | D:10     | Reached XP level 11. HP: 38/99 MP: 1/1
  6163 | D:10     | Noticed a two-headed ogre
  6174 | D:10     | Killed a two-headed ogre
  6607 | D:10     | Got a masterwork falchion
  6607 | D:10     | Identified the +4 falchion "Jiocosec" {antimagic, Int+3
                  | Stlth+} (You found it on level 10 of the Dungeon)
  6831 | D:10     | Reached ** piety under Makhleb
  6838 | D:10     | HP: 5/100 [orc warrior/+0 glaive (5)]
  6875 | D:10     | Slain by an orc warrior

Illustrated notes

Levels and vault maps discovered:
D:1:      dpeg_arrival_three_same_balls, layout_basic, serial_park_tiny_pond,
          serial_bayou_pond_e, minmay_lizard_pond
D:2:      layout_rooms
D:3:      layout_loops_cross, kennysheep_vampire_church, lemuel_tele_altar
D:4:      layout_basic, minmay_temple_entry_wispy, chequers_ossuary_entry_cave,
          ebering_ghost_sewer_f, serial_shops, shop, lightli_corner_chamber
D:5:      layout_loops_ring, kennysheep_mini_moat, abandoned_shop,
          hangedman_abyss_or_decor_stagger, minmay_manual_mess, uniq_eustachio,
          uniq_blork_the_orc
D:6:      layout_gridville, st_stairs_10
D:7:      layout_rooms
D:8:      layout_loops_cross, fedhas_altar_2, minitemple, special_room
          [special_room_orc]
D:9:      layout_cave_pools, ebering_ghost_inner_flame, dk_noncrumbling_4,
          hangedman_tree_tricks, uniq_maurice
D:10:     layout_basic, minmay_lair_entry_grove, hiddenorc2_lemuel,
          enter_bailey_3, lemuel_mausoleum_altar_kikubaaqudgha, uniq_urug
Temple:   nicolae_temple_figure_zero

Skill      XL: |  1  2  3  4  5  6  7  8  9 10 11 |
---------------+----------------------------------+-----
Fighting       | 3 4 5 6 7 |  7.1
Axes           | 3 4 5 7 10 11 | 11.9
Armour         | 4 5 7 8 9 10 11 | 11.3
Shields        | 4 5 7 8 9 |  9.3

Action                   |  1- 3 |  4- 6 |  7- 9 | 10-12 || total
-------------------------+-------+-------+-------+-------++-------
Melee: War axe           |    62 |   131 |   276 |       ||   469
       Hand axe          |       |       |   136 |       ||   136
       Trident           |       |       |    98 |   244 ||   342
       Falchion          |       |       |       |    57 ||    57
Throw: Dart              |    17 |    83 |    12 |       ||   112
       Boomerang         |       |       |     6 |    28 ||    34
 Abil: Heal Wounds       |     4 |     4 |    22 |    10 ||    40
       Evoke Blink       |       |       |     3 |       ||     3
  Use: Scroll            |       |     2 |     8 |       ||    10
       Potion            |       |     2 |       |     5 ||     7
Armor: Scale mail        |    18 |    41 |       |       ||    59
       Ring mail         |       |     9 |    10 |       ||    19
       Chain mail        |       |       |   197 |       ||   197
       Plate armour      |       |       |    13 |   114 ||   127
Dodge: Dodged            |    37 |    72 |   201 |    76 ||   386
Block: Kite shield       |    34 |    82 |   339 |   170 ||   625
       Rpst.: Falchion   |       |       |       |     7 ||     7

Table legend: (Time is in decaauts)
 A = Elapsed time spent in this place.
 B = Non-inter-level travel time spent in this place.
 C = Inter-level travel time spent in this place.
 D = Time resting spent in this place.
 E = Time spent auto-exploring this place.
 F = Levels seen in this place.
 G = Mean time per level.
                   A        B        C        D        E       F      G
               +--------+--------+--------+--------+--------+-----+--------+
         Total |   7045 |   6833 |    212 |    247 |   4309 |  11 |  640.5 |
       Dungeon |   6927 |   6724 |    203 |    247 |   4202 |  10 |  692.7 |
        Temple |    117 |    108 |      9 |      0 |    107 |   1 |  117.0 |
               +--------+--------+--------+--------+--------+-----+--------+

Top non-repeatable levels by time:
    D:10: 969 daAuts
     D:6: 891 daAuts
     D:5: 807 daAuts
     D:8: 795 daAuts
     D:3: 737 daAuts
     D:4: 721 daAuts
     D:9: 620 daAuts
     D:2: 533 daAuts
     D:1: 451 daAuts
     D:7: 400 daAuts
  Temple: 117 daAuts
